 Dungeon Crawl Stone Soup version 0.28.0 (webtiles) character file.

Game seed: 7478543175437649112

2438 Armakuni the Frost Mage (level 9, -1/55 (57) HPs)
             Began as a Deep Elf Gladiator on Feb 8, 2022.
             Was an Initiate of Vehumet.
             Succumbed to a killer bee's poison
             ... on level 9 of the Dungeon.
             The game lasted 00:19:02 (8584 turns).

Armakuni the Frost Mage (Deep Elf Gladiator)        Turns: 8584, Time: 00:19:02

HP:   -1/55 (57)    AC: 11    Str: 15    XL:     9   Next: 25%
MP:   7/12          EV: 12    Int: 14    God:    Vehumet [......]
Gold: 268           SH:  0    Dex: 19    Spells: 7/10 levels left

rFire   + . .      SeeInvis .   b - +7 hunting sling "Toasu" {venom, Dex+3}
rCold   + . .      Faith    +   (no shield)
rNeg    . . .      Spirit   .   d - +0 ring mail
rPois   +          Reflect  .   g - +1 helmet
rElec   +          Harm     .   j - +0 cloak
rCorr   +          Rampage  .   (no gloves)
Will    .....                   (no boots)
Stlth   +.........              U - amulet of faith
HPRegen 0.18/turn               (no ring)
MPRegen 0.13/turn               (no ring)

@: lethally poisoned (-1 -> -16), ice-armoured, resistant, lightly drained
A: no striking features
a: Renounce Religion


You were on level 9 of the Dungeon.
You worshipped Vehumet.
Vehumet was noncommittal.
You visited 2 branches of the dungeon, and saw 10 of its levels.

You collected 268 gold pieces.

Inventory:

Hand Weapons
 a - a +0 quarterstaff
 b - the +7 hunting sling "Toasu" (weapon) {venom, Dex+3}
   (You found it on level 5 of the Dungeon)

   Any ammunition fired from it poisons the flesh of those it strikes.
   Dex:       It affects your dexterity (+3).
Missiles
 l - 46 stones
 n - 5 sling bullets (quivered ammo)
Armour
 d - a +0 ring mail (worn)
 g - a +1 helmet (worn)
 h - an orb of energy
 j - a +0 cloak (worn)
Jewellery
 J - a ring of ice
 U - an amulet of faith (around neck)
Scrolls
 c - 2 scrolls of vulnerability
 f - a scroll of enchant armour


   Skills:
 + Level 7.5 Fighting
 - Level 5.1 Staves
 - Level 2.0 Throwing
 - Level 3.6 Dodging
 - Level 1.0 Spellcasting
 + Level 8.4 Ice Magic


You had 7 spell levels left.
You knew the following spells:

 Your Spells              Type           Power      Damage    Failure   Level
o - Ozocubu's Armour      Ice            24%        N/A       4%          3

Your spell library contained the following spells:

 Spells                   Type           Power      Damage    Failure   Level
 Magic Dart               Conj           0%         1d3       45%         1
 Beastly Appendage        Tmut           0%         N/A       45%         1
 Wereblood                Tmut           0%         N/A       61%         2
 Call Canine Familiar     Summ           0%         N/A       83%         3
 Portal Projectile        Hex/Tloc       0%         N/A       83%         3
 Spider Form              Tmut/Pois      0%         N/A       83%         3
 Metabolic Englaciation   Hex/Ice        6%         N/A       95%         5
 Leda's Liquefaction      Hex/Erth       0%         N/A       99%         4
 Simulacrum               Ice/Necr       6%         N/A       100%        6
 Ozocubu's Refrigeration  Ice            12%        4d7       100%        7


Dungeon Overview and Level Annotations

Branches:
Dungeon (9/15)             Temple (1/1) D:4
   Lair: D:8-11         Orc: D:9-12

Altars:
Ashenzari
Cheibriados
Dithmenos
Elyvilon
Fedhas
Gozag
Hepliaklqana
Kikubaaqudgha
Makhleb
Nemelex Xobeh
Okawaru
Qazlal
Ru
Sif Muna
Uskayaw
Vehumet
Wu Jian
Zin
The Shining One

Annotations:
D:7 Harold, Joseph


Message History

The killer bee closely misses you. The killer bee stings you.
The killer bee barely misses you.
The killer bee stings you but does no damage.
The killer bee closely misses you. The killer bee barely misses you.
You aren't carrying any items that you can evoke.
Unknown command.
Throw: 2 darts (curare)
Press: ? - help, Q - select action, (/) - cycle Shift-Dir - straight line, f - killer bee, p - two-headed ogre
Aim: a killer bee (40% to hit)
You throw a curare-tipped dart.
The curare-tipped dart misses the killer bee.
You feel very sick.
The killer bee stings you. x2; The killer bee closely misses you.
The two-headed ogre hits you with a +0 giant club.
* * * LOW HITPOINT WARNING * * *
The two-headed ogre closely misses you. The killer bee barely misses you.
Your icy armour will break if you move.
Continue?
Okay, then.
Throw: dart (curare)
Press: ? - help, Q - select action, (/) - cycle Shift-Dir - straight line, f - two-headed ogre, p - killer bee
Aim: a two-headed ogre, wielding two +0 giant clubs (lightly wounded, very poisoned, slow, 78% to hit)
You throw a curare-tipped dart.
The curare-tipped dart hits the two-headed ogre.
The two-headed ogre looks as sick as possible!
The two-headed ogre convulses.
The two-headed ogre seems to be slow for longer.
The two-headed ogre is moderately wounded.
You feel sick.
The killer bee stings you but does no damage.
The killer bee misses you. The killer bee stings you!
* * * LOW HITPOINT WARNING * * *
You are more poisoned.
The killer bee poisons you! The killer bee barely misses you.
The killer bee stings you.
* * * LOW HITPOINT WARNING * * *
The killer bee closely misses you.
Unknown command.
It was a potion of resistance.
You feel protected.
You die...

#. . #. ..
#.
##.##.###
.........
#.9....#
#....yy#
#...(O@#
#......y.#
........###
#...##..#
#.. ...# ##
#...! #....
.....


You could see a two-headed ogre (extremely poisoned, slow), a gargoyle and 3
killer bees.

Vanquished Creatures
  Pikel (D:6)
  A wyvern (D:6)
  A steam dragon (D:6)
  A water moccasin (D:6)
  2 orc warriors
  2 ice beasts (D:6)
  A necrophage (D:5)
  A black bear (D:6)
  A centaur (D:6)
  2 ogres (D:6)
  3 lemures (D:6)
  2 scorpions
  A bullfrog (D:8)
  A water moccasin zombie (D:6)
  A hound (D:6)
  A jelly (D:5)
  2 centaur skeletons
  2 orc priests
  2 iguanas
  Terence (D:2)
  5 orc wizards
  A howler monkey zombie (D:6)
  6 adders
  A white imp (D:3)
  An ufetubus (D:7)
  An adder skeleton (D:4)
  4 worms
  3 dart slugs
  17 orcs
  5 ball pythons
  6 endoplasms
  4 giant cockroaches
  13 goblins
  7 hobgoblins
  2 quokkas
  5 bats
  A frilled lizard (D:2)
  3 kobolds
  7 rats
121 creatures vanquished.

Vanquished Creatures (others)
  A plant (D:1)
1 creature vanquished.

Grand Total: 122 creatures vanquished

Notes
Turn   | Place    | Note
-------+----------+-------------------------------------------
     0 | D:1      | Armakuni the Deep Elf Gladiator began the quest for the
                  | Orb.
     0 | D:1      | Reached XP level 1. HP: 12/12 MP: 3/3
    99 | D:1      | Found a faded altar of an unknown god.
   214 | D:1      | Reached XP level 2. HP: 13/17 MP: 4/4
   924 | D:2      | Reached XP level 3. HP: 21/22 MP: 5/5
  1146 | D:2      | Noticed Terence
  1167 | D:2      | Killed Terence
  1305 | D:2      | Reached XP level 4. HP: 25/27 MP: 6/6
  1655 | D:3      | Found a faded altar of an unknown god.
  1659 | D:3      | Found a shimmering blue altar of Sif Muna.
  2149 | D:3      | Reached XP level 5. HP: 27/32 MP: 7/7
  2305 | D:3      | Found a stormy altar of Qazlal.
  2305 | D:3      | Found a glowing golden altar of the Shining One.
  3116 | D:4      | Found a staircase to the Ecumenical Temple.
  3127 | Temple   | Entered the Ecumenical Temple
  3244 | Temple   | Became a worshipper of Vehumet
  3351 | D:5      | Entered Level 5 of the Dungeon
  3379 | D:5      | Reached skill level 5 in Staves
  3483 | D:5      | Learned a level 3 spell: Ozocubu's Armour
  3492 | D:5      | Reached XP level 6. HP: 33/38 MP: 7/9
  3647 | D:4      | Reached skill level 1 in Spellcasting
  3647 | D:4      | Reached skill level 1 in Ice Magic
  3704 | D:5      | Reached skill level 2 in Ice Magic
  4392 | D:5      | Identified the +7 hunting sling "Toasu" {venom, Dex+3}
  4666 | D:6      | Noticed a water moccasin
  4789 | D:6      | Reached skill level 3 in Ice Magic
  4849 | D:6      | Reached XP level 7. HP: 30/44 MP: 10/10
  5086 | D:6      | Reached * piety under Vehumet
  5086 | D:6      | Offered knowledge of Magic Dart by Vehumet.
  5168 | D:6      | Noticed a steam dragon
  5175 | D:6      | Killed a steam dragon
  5176 | D:6      | Reached skill level 5 in Fighting
  5176 | D:6      | Reached skill level 4 in Ice Magic
  5396 | D:6      | Reached skill level 5 in Ice Magic
  5405 | D:6      | Found a glowing silver altar of Zin.
  5420 | D:6      | Reached XP level 8. HP: 46/50 MP: 11/11
  5863 | D:6      | Reached skill level 6 in Ice Magic
  6200 | D:7      | Noticed Joseph
  7148 | D:7      | Noticed Pikel
  7158 | D:6      | Killed Pikel
  7159 | D:6      | Reached skill level 7 in Ice Magic
  7502 | D:6      | Reached XP level 9. HP: 13/57 MP: 9/12
  8101 | D:6      | Reached skill level 8 in Ice Magic
  8306 | D:7      | Noticed Harold
  8575 | D:9      | Noticed a two-headed ogre
  8580 | D:9      | Noticed a gargoyle
  8584 | D:9      | Succumbed to a killer bee's poison

Illustrated notes

Levels and vault maps discovered:
D:1:      dpeg_arrival_short_road, layout_basic,
          dreamdust_ecumenical_altar_grove, minmay_pentomino_z2
D:2:      wander_river, layout_rooms, uniq_terence
D:3:      layout_rooms, nicolae_overflow_ecumenical_swirl,
          gammafunk_temple_overflow_wave, columned_hall_lemuel, st_stairs_12
D:4:      layout_rooms, temple_hall
D:5:      layout_gridville, kennysheep_generic_room_12
D:6:      layout_loops_ring, zin_academy
D:7:      layout_cave_pools, nicolae_shop_firing_range, uniq_crazy_yiuf_cottage,
          uniq_pikel, uniq_harold, uniq_joseph
D:8:      layout_cave_pools, xom_shifter_show
D:9:      layout_rooms
Temple:   regret_index_temple_waves

Skill      XL: |  1  2  3  4  5  6  7  8  9 |
---------------+----------------------------+-----
Fighting       | 2 3 4 5 7 |  7.5
Staves         | 4 5 |  5.1
Spellcasting   | 1 |  1.0
Ice Magic      | 3 5 7 8 |  8.4
Throwing       | |  2.0
Dodging        | |  3.6

Action                   |  1- 3 |  4- 6 |  7- 9 || total
-------------------------+-------+-------+-------++-------
Melee: Quarterstaff      |    83 |   185 |    43 ||   311
 Fire: Hunting sling     |       |    14 |   106 ||   120
Throw: Throwing net      |     4 |     4 |       ||     8
       Dart              |       |     3 |     8 ||    11
 Cast: Ozocubu's Armour  |       |       |     7 ||     7
  Use: Potion            |     2 |     4 |     5 ||    11
       Scroll            |     2 |     7 |     7 ||    16
 Stab: Sleeping          |     1 |       |       ||     1
Armor: Leather armour    |    26 |    16 |       ||    42
       Ring mail         |       |    49 |    82 ||   131
Dodge: Dodged            |    70 |   106 |   144 ||   320
